 Dungeon Crawl Stone Soup version 0.20.1-1-g8b1a95d (webtiles) character file.

966 angelAurora the Gusty (level 7, -1/55 HPs)
             Began as a Yellow Draconian Air Elementalist on Oct 24, 2017.
             Slain by Duvessa
             ... wielding a +0 short sword
              (6 damage)
             ... on level 6 of the Dungeon.
             The game lasted 00:52:25 (7945 turns).

angelAurora the Gusty (DrAE)                        Turns: 7945, Time: 00:52:26

Health: -1/55      AC:  8    Str: 12    XL:     7   Next: 93%
Magic:  13/13      EV: 13    Int: 16    God:
Gold:   219        SH:  0    Dex: 11    Spells: 6/14 levels left

rFire    . . .     SeeInvis .   v - +0 halberd
rCold    . . .     Gourm    .   (shield currently unavailable)
rNeg     . . .     Faith    .   (armour unavailable)
rPois    .         Spirit   .   (helmet restricted)
rElec    .         Reflect  .   (no cloak)
rCorr    +         Harm     .   m - +0 pair of gloves
MR       .....                  i - +0 pair of boots
Stlth    ++........             (no amulet)
Regen    0.2/turn               (no ring)
MPRegen  0.2/turn               (no ring)

@: hasted, drained, very quick
A: spit acid, acid resistance, unfitting armour, cold-blooded, AC +6
a: Breathe Acid


You were on level 6 of the Dungeon.
You were not hungry.

You visited 1 branch of the dungeon, and saw 6 of its levels.

You collected 219 gold pieces.

Inventory:

Hand Weapons
 e - a +1 hand crossbow of flaming
 f - a +0 whip
 g - a +1 dagger
 n - a +4 dagger
 r - a +0 flail
 v - a +0 halberd (weapon)
 y - a +3 dagger of draining
Missiles
 c - 42 arrows
 u - 3 tomahawks (quivered)
Armour
 i - a +0 pair of boots (worn)
 m - a +0 pair of gloves (worn)
Jewellery
 t - a +2 ring of dexterity
Wands
 h - a wand of digging (5/24)
 l - a wand of acid (10/15)
 q - a wand of iceblast (9/15)
Scrolls
 o - 2 scrolls of remove curse
 s - 2 scrolls of teleportation
 x - a scroll of identify
Potions
 d - 2 potions of curing
 j - a potion of might
 k - 3 potions of haste
 p - a potion of brilliance
Books
 a - a book of Air

   Spells                             Type                      Level
   a - Shock                          Conjuration/Air              1
   b - Swiftness                      Charms/Air                   2
   c - Static Discharge               Conjuration/Air              3
   d - Airstrike                      Air                          4
   e - Lightning Bolt                 Conjuration/Air              5
Comestibles
 b - 3 bread rations
 w - 6 chunks of flesh


   Skills:
 + Level 2.0 Fighting
 + Level 1.8(1.7) Short Blades
 + Level 1.4(1.3) Maces & Flails
 + Level 2.2 Polearms
 + Level 4.1 Dodging
 + Level 2.7 Stealth
 + Level 0.6(0.5) Unarmed Combat
 + Level 4.3 Spellcasting
 + Level 3.2 Conjurations
 + Level 4.4 Air Magic


You had 6 spell levels left.
You knew the following spells:

 Your Spells              Type           Power        Failure   Level  Hunger
a - Shock                 Conj/Air       ###.         3%          1    None
b - Swiftness             Chrm/Air       ##......     10%         2    ##.....
c - Lightning Bolt        Conj/Air       ###.......   67%         5    ######.


Dungeon Overview and Level Annotations

Branches:
Dungeon (6/15)
 Temple: D:4-7

Altars:
Ashenzari
Okawaru
Ru

Annotations:
D:6 Duvessa


Innate Abilities, Weirdness & Mutations

You can spit globs of acid.
You are resistant to acid.
Your golden yellow scales are hard. (AC +6)
You cannot fit into any form of body armour.
You are cold-blooded and may be slowed by cold attacks.


Message History

Duvessa barely misses you. Duvessa hits you with a short sword.
You puncture Duvessa!
Duvessa is moderately wounded.
Duvessa closely misses you. Duvessa hits you with a short sword!
Duvessa closely misses you.
You hit Duvessa.
Duvessa is moderately wounded.
Duvessa hits you with a short sword! x2
Duvessa closely misses you. Duvessa misses you.
Duvessa hits you with a short sword.
* * * LOW HITPOINT WARNING * * *
Duvessa barely misses you. Duvessa hits you with a short sword.
* * * LOW HITPOINT WARNING * * *
You feel yourself speed up. Duvessa hits you but does no damage.
Duvessa hits you with a short sword!
* * * LOW HITPOINT WARNING * * *
Duvessa rages.
Duvessa hits you with a short sword.
You die...

<# .## .# .. .# .# ########.#
#.# .# #.e....#.#... .#
#@#......#.# .# #.#..#.....#
.###### #.#..#.....#
.#....##########.#..#.....#
)#......[...).##.#..#.#...#
.####.#######.##.#....#.....#
.#....).....#.##.#.#..#......
.##.#.#####.#....#.##########
.##.#.....#.######.......#


You could see Duvessa (berserk).

Vanquished Creatures
  An ice beast (D:5)
  Purgy (D:3)
  An ogre (D:4)
  Blork the orc (D:4)
  A bullfrog (D:6)
  Dowan (D:6)
  A crimson imp (D:6)
  3 hounds
  2 jellies
  2 orc wizards (D:6)
  2 worker ants (D:4)
  Robin (D:2)
  A howler monkey skeleton (D:6)
  7 adders
  3 gnolls (D:5)
  A shadow imp (D:4)
  An adder skeleton (D:6)
  A worm (D:2)
  4 dart slugs
  3 leopard geckos
  5 orcs
  A ball python (D:4)
  7 bats
  3 giant cockroaches
  19 goblins
  9 hobgoblins
  4 jackals (D:1)
  6 kobolds
  A quokka (D:5)
  3 frilled lizards
  7 rats
  A plant (D:1)
104 creatures vanquished.

Vanquished Creatures (others)
  A giant cockroach (D:6)
1 creature vanquished.

Grand Total: 105 creatures vanquished

Notes
Turn   | Place    | Note
-------+----------+-------------------------------------------
     0 | D:1      | angelAurora the Draconian Air Elementalist began the quest for the Orb.
     0 | D:1      | Reached XP level 1. HP: 14/14 MP: 3/3
   625 | D:1      | Reached XP level 2. HP: 17/20 MP: 5/5
   629 | D:1      | Learned a level 2 spell: Swiftness
  1629 | D:1      | Reached XP level 3. HP: 20/26 MP: 2/6
  2372 | D:2      | Reached skill level 1 in Short Blades
  2375 | D:2      | Reached XP level 4. HP: 33/33 MP: 3/8
  2377 | D:2      | Noticed Robin
  2396 | D:2      | Killed Robin
  3304 | D:3      | Noticed Purgy
  3339 | D:3      | Killed Purgy
  3339 | D:3      | Reached XP level 5. HP: 17/39 MP: 3/9
  3504 | D:3      | Learned a level 5 spell: Lightning Bolt
  4558 | D:4      | Noticed an ogre
  4572 | D:4      | Killed an ogre
  4572 | D:4      | Reached XP level 6. HP: 46/46 MP: 5/10
  4609 | D:4      | Noticed Blork the orc
  4640 | D:4      | Killed Blork the orc
  5141 | D:4      | HP: 2/46 [poisoned by a worker ant]
  5664 | D:4      | Reached skill level 1 in Fighting
  5809 | D:5      | Entered Level 5 of the Dungeon
  5809 | D:5      | Noticed an ice beast
  5832 | D:5      | Killed an ice beast
  5832 | D:5      | Reached skill level 1 in Maces & Flails
  5832 | D:5      | Your scales start taking on a golden yellow colour.
  5832 | D:5      | Reached XP level 7. HP: 43/52 MP: 7/12
  6161 | D:5      | Found a sacrificial altar of Ru.
  6161 | D:5      | Found a shattered altar of Ashenzari.
  6162 | D:5      | Found an iron altar of Okawaru.
  7658 | D:6      | Reached skill level 1 in Polearms
  7777 | D:6      | Noticed Duvessa
  7778 | D:6      | Noticed Dowan
  7825 | D:6      | Killed Dowan
  7945 | D:6      | Slain by Duvessa

Skill      XL: |  1  2  3  4  5  6  7 |
---------------+----------------------+-----
Stealth        | 2 |  2.7
Dodging        | 2 3 4 |  4.1
Short Blades   | 1 |  1.8
Spellcasting   | 3 4 |  4.3
Air Magic      | 4 |  4.4
Conjurations   | 2 3 |  3.2
Fighting       | 1 2 |  2.0
Maces & Flails | 1 |  1.4
Polearms       | 2 |  2.2
Unarmed Combat | |  0.6

Action                   |  1- 3 |  4- 6 |  7- 9 || total
-------------------------+-------+-------+-------++-------
Melee: Unarmed           |   102 |       |     5 ||   107
       Dagger            |   184 |    84 |       ||   268
       Tailslap          |    42 |     5 |    17 ||    64
       Punch             |     2 |       |       ||     2
       Flail             |       |    37 |    31 ||    68
       Halberd           |       |       |    66 ||    66
 Cast: Shock             |    59 |    74 |    40 ||   173
       Swiftness         |       |     1 |       ||     1
 Abil: Breathe Acid      |       |       |     2 ||     2
  Use: Scroll            |     3 |     3 |     5 ||    11
       Potion            |     1 |     2 |     1 ||     4
 Stab: Distracted        |       |     1 |       ||     1
  Eat: Chunk             |     4 |     4 |     8 ||    16
       Bread ration      |     1 |       |       ||     1
       Meat ration       |       |     1 |       ||     1
Armor: Skin              |    50 |    64 |    44 ||   158
Dodge: Dodged            |    92 |   141 |    94 ||   327
